Map: King Sejong Station LE

Players

Nickos - Winner!

  • Race: Terran Terran
  • League: Gold

Marcellus

  • Race: Zerg Zerg
  • League: Gold

VOD

Have the link to the VOD?

Description

Time

  • Played on: Sept. 2, 2016, 8:19 a.m.
  • Length: 11:02
Show
View Real Time Build Order
Export as new Build Order

Nickos Terran - Winner!

Build Orders: MMM Bio 

Get SALT Encoding   

  12  0:01  SCV  
  13  0:13  SCV  
  14  0:17  Supply Depot  
  14  0:25  SCV  
  15  0:38  SCV  
  15  0:40  Barracks  
  16  0:50  SCV  
  17  1:03  SCV  
  18  1:15  SCV  
  19  1:20  Command Center  
  19  1:27  Marine  
  20  1:32  Orbital Command  
  20  1:44  Marine  
  20  1:45  Supply Depot  
  21  1:53  Barracks  
  21  2:00  SCV  
  22  2:03  Marine  
  23  2:12  Barracks  
  23  2:13  SCV  
  24  2:17  Refinery  
  24  2:25  Marine, SCV  
  26  2:33  Orbital Command  
  26  2:37  SCV  
  26  2:38  Refinery  
  26  2:42  Marine  
  28  2:45  Marine  
  28  2:49  SCV  
  30  3:00  Bunker  
  30  3:01  SCV  
  33  3:05  Barracks Tech Lab  
  33  3:09  SCV  
  34  3:15  Supply Depot  
  34  3:16  SCV  
  35  3:20  Barracks Reactor  
  35  3:22  Barracks Reactor  
  33  3:27  Barracks  
  33  3:29  Barracks  
  33  3:32  SCV  
  34  3:35  SCV  
  34  3:39  Marine  
  36  3:44  SCV  
  37  3:51  Supply Depot, SCV  
  38  3:56  Marine, Stimpack  
  38  3:57  Marine  
  38  4:02  Factory  
  40  4:04  SCV  
  40  4:05  SCV  
  42  4:11  Marine x2  
  42  4:16  SCV  
  45  4:17  Supply Depot  
  45  4:20  SCV  
  45  4:21  Marine  
  45  4:23  Barracks Reactor  
  47  4:25  Marine  
  47  4:28  SCV  
  50  4:32  SCV  
  50  4:34  Supply Depot  
  51  4:40  SCV, Supply Depot, Marine  
  51  4:41  Marine  
  51  4:42  Barracks Reactor  
  51  4:44  SCV  
  54  4:47  Supply Depot  
  54  4:48  Marine x2  
  56  4:54  Barracks  
  56  4:58  Starport  
  56  4:59  Factory Reactor  
  56  5:01  SCV  
  56  5:02  SCV  
  56  5:06  Marine  
  56  5:07  Marine x3  
  59  5:11  Marine  
  59  5:13  Marine  
  59  5:14  SCV  
  64  5:19  Supply Depot, Marine  
  65  5:26  Marine x3  
  65  5:27  Marine  
  69  5:31  Supply Depot  
  69  5:35  SCV  
  69  5:36  Supply Depot  
  69  5:37  SCV  
  71  5:46  Marine x3  
  71  5:48  SCV  
  76  5:50  SCV  
  76  5:57  Combat Shields  
  76  5:59  Marine  
  76  6:02  Command Center  
  71  6:17  Marine x4  
  71  6:18  Medivac x2  
  67  6:19  Marine x2  
  67  6:20  Marine x3  
  67  6:22  Supply Depot  
  67  6:23  SCV  
  67  6:24  SCV  
  76  6:28  Supply Depot  
  76  6:29  Supply Depot  
  70  6:34  Marine  
  70  6:35  Marine x2  
  72  6:41  Bunker  
  72  6:42  Marine x3  
  72  6:43  Marine x3  
  78  6:48  Medivac  
  78  6:49  Supply Depot  
  78  6:52  Medivac, Marine  
  78  6:53  Marine x2  
  85  7:00  Supply Depot, Marine  
  86  7:02  Marine x4  
  86  7:05  SCV  
  86  7:06  SCV  
  92  7:09  Marine  
  92  7:10  Marine x2  
  92  7:14  Marine  
  96  7:18  Marine  
  96  7:20  Marine  
  91  7:30  Marine  
  91  7:31  Marine x4  
  84  7:39  Marine x4  
  84  7:41  Medivac  
  84  7:42  Medivac  
  90  7:48  Marine x2  
  90  7:49  Marine x2  
  94  7:54  Marine  
  95  8:00  Engineering Bay  
  95  8:01  Engineering Bay, Marine x2  
  95  8:02  Refinery, Marine x2  
  99  8:06  Marine x3  
  99  8:07  Marine  
  99  8:11  Medivac  
  99  8:12  Medivac  
  99  8:35  Marine x4  
  99  8:40  Marine x5  
  104  8:41  Medivac  
  104  8:42  Medivac  
  107  8:53  Marine  
  107  8:54  Marine x3  
  103  8:58  Marine x5  
  102  9:11  Medivac, Marine  
  102  9:12  Medivac, SCV x2, Marine x3  
  109  9:24  SCV x2  
  111  9:34  Command Center  
  106  9:39  Marine x2  
  106  9:40  Marine x4  
  112  9:59  Marine  
  112  10:00  Marine x4  
  112  10:01  Marine x2  
  112  10:06  Marine  
  120  10:07  Medivac x2, Marine  
  124  10:24  Marine x4  
  124  10:25  Marine x5  
  131  10:42  Marine x5  
  130  10:43  Marine x4  
Show
View Real Time Build Order
Export as new Build Order

Marcellus Zerg 

Build Orders: Hatch First 

Get SALT Encoding   

  12  0:04  Drone  
  13  0:13  Overlord  
  13  0:19  Drone  
  14  0:32  Drone x2  
  16  0:38  Drone  
  17  0:55  Hatchery  
  17  0:57  Drone  
  17  1:13  Drone  
  17  1:14  Drone  
  17  1:15  Extractor  
  18  1:21  Spawning Pool  
  18  1:22  Drone  
  18  1:31  Drone  
  19  1:43  Drone  
  20  1:51  Overlord  
  20  2:03  Drone  
  20  2:07  Drone  
  20  2:08  Queen  
  24  2:09  Queen  
  26  2:16  Metabolic Boost  
  26  2:19  Drone  
  26  2:21  Drone  
  28  2:26  Drone  
  28  2:29  Drone  
  30  2:36  Drone  
  31  2:39  Drone  
  32  2:46  Roach Warren  
  32  2:47  Overlord  
  31  2:55  Spine Crawler  
  31  2:57  Zergling x2  
  31  3:00  Zergling x2  
  32  3:11  Zergling x2  
  32  3:14  Zergling x4  
  32  3:19  Drone  
  36  3:20  Drone x3  
  38  3:37  Queen  
  38  3:38  Hatchery  
  39  3:44  Drone x2  
  39  3:47  Extractor  
  40  3:51  Evolution Chamber  
  40  3:52  Spore Crawler  
  38  3:55  Spore Crawler  
  38  3:58  Drone  
  38  4:00  Drone  
  38  4:02  Drone  
  40  4:15  Roach x2  
  44  4:36  Zerg Missile Weapons Level 1  
  44  4:38  Lair  
  44  4:40  Overlord x3  
  44  5:08  Drone x2  
  44  5:09  Queen  
  44  5:12  Zergling x2  
  44  5:13  Zergling x10  
  54  5:16  Roach x3  
  54  5:17  Roach x2  
  64  5:23  Baneling Nest  
  64  5:28  Drone, Evolution Chamber  
  63  5:44  Drone x3  
  66  5:51  Roach  
  66  5:52  Roach x2  
  72  5:59  Hydralisk Den  
  69  6:10  Roach x2  
  68  6:12  Roach x3  
  73  6:25  Overlord x3  
  70  6:38  Zergling x8  
  70  6:39  Overlord x2  
  74  6:40  Overlord  
  74  6:42  Lurker Den  
  74  6:53  Zergling x10  
  79  7:03  Ravager  
  79  7:04  Ravager x3  
  50  7:41  Queen  
  41  7:44  Zergling x6  
  41  7:48  Hydralisk x4  
  41  7:49  Hydralisk x2  
  55  7:52  Roach  
  55  7:57  Extractor  
  55  7:58  Extractor x2  
  54  7:59  Extractor  
  54  8:04  Zergling x2  
  54  8:08  Zergling x6  
  54  8:21  Lurker  
  48  8:27  Zergling x8  
  48  8:31  Zergling x6  
  48  8:32  Zergling x2  
  50  8:34  Zergling x4  
  50  8:35  Zergling x2  
  33  8:48  Zergling x6  
  33  8:49  Zergling x2  
  33  8:51  Roach x3  
  38  9:00  Zergling x2  
  38  9:01  Zergling x8  
  43  9:06  Zergling x4  
  43  9:08  Zergling x2  
  31  9:39  Hydralisk x2  
  29  9:54  Hydralisk x2  
  29  9:58  Drone  
  34  10:16  Lurker x2  
  34  10:18  Zergling x6  
  36  10:23  Zergling x2  
Tags
 
Add a new tag
Caveats
  • Supply blocks, unpowered buildings, or Contaminate may cause inaccurate times.
  • Supply counts are checked every 10 seconds.